 Dungeon Crawl Stone Soup version 0.21.0-3-g78d12a8bdd (webtiles) character file.

11800 MalkierKing the Cleaver (level 11, -10/106 HPs)
             Began as a Minotaur Berserker on Jan 16, 2018.
             Was a High Priest of Trog.
             Mangled by a red ugly thing (25 damage)
             ... on level 12 of the Dungeon on Jan 17, 2018.
             The game lasted 00:52:05 (10231 turns).

MalkierKing the Cleaver (Minotaur Berserker)       Turns: 10231, Time: 00:52:06

Health: -10/106    AC: 15    Str: 24    XL:     11   Next: 54%
Magic:  0/10       EV: 10    Int:  5    God:    Trog [*****.]
Gold:   586        SH:  0    Dex: 10    Spells: 10/10 levels left

rFire    . . .     SeeInvis .   x - +2 hand axe (vamp)
rCold    . . .     Gourm    .   (no shield)
rNeg     . . .     Faith    .   n - +0 plate armour
rPois    +         Spirit   +   (helmet restricted)
rElec    .         Reflect  .   e - scarf {Spirit}
rCorr    .         Harm     +   a - +0 pair of gloves
MR       +....                  (no boots)
Stlth    ..........             L - amulet of harm
HPRegen  0.27/turn              y - ring of protection from magic
MPRegen  0.12/turn              w - ring of poison resistance

@: studying Maces & Flails
A: retaliatory headbutt, horns 2
a: Berserk, Trog's Hand, Brothers in Arms, Burn Spellbooks, Renounce Religion


You were on level 12 of the Dungeon.
You worshipped Trog.
Trog was extremely pleased with you.
You were not hungry.

You visited 2 branches of the dungeon, and saw 13 of its levels.
You also visited: Sewer.

You collected 586 gold pieces.

Inventory:

Hand Weapons
 x - a +2 vampiric hand axe (weapon)
 N - a cursed +0 battleaxe
Armour
 a - a +0 pair of gloves (worn)
 e - a scarf of spirit shield (worn)
 n - a +0 plate armour (worn)
Jewellery
 f - an uncursed ring of ice
 t - an uncursed ring of protection from cold
 w - a ring of poison resistance (right hand)
 y - a ring of protection from magic (left hand)
 J - an uncursed ring of resist corrosion {unknown}
 L - an amulet of harm (around neck)
Wands
 E - a wand of flame (9)
 H - a wand of iceblast (5)
 I - a wand of digging (9)
 K - a wand of enslavement (24)
Scrolls
 b - 4 scrolls of identify
 d - a scroll of fog {unknown}
 h - a scroll of random uselessness {unknown}
 j - 3 scrolls of remove curse
 k - 2 scrolls of immolation
 o - 2 scrolls of magic mapping
 p - 3 scrolls of enchant armour
 z - a scroll of fear {unknown}
 M - a scroll of enchant weapon {unknown}
 O - a scroll of amnesia {unknown}
Potions
 g - 8 potions of curing
 i - a potion of mutation
 l - a potion of lignification
 m - 2 potions of resistance
 q - a potion of heal wounds
 r - a potion of berserk rage {unknown}
 s - a potion of invisibility {unknown}
 v - 2 potions of brilliance
 A - a potion of magic {unknown}
 B - a potion of ambrosia {unknown}
 C - 2 potions of flight
 D - a potion of haste {unknown}
 F - a potion of cancellation {unknown}
Books
 G - a manual of Maces & Flails
Comestibles
 c - 23 rations
 u - 4 chunks of flesh


   Skills:
 * Level 12.9 Fighting
 * Level 13.0 Axes
 + Level 9.3 Armour
 + Level 8.6 Dodging


You had 10 spell levels left.
You didn't know any spells.

Dungeon Overview and Level Annotations

Branches:
Dungeon (12/15)            Temple (1/1) D:4            Lair (0/6) D:11
    Orc (0/2) D:12

Altars:
Ashenzari
Cheibriados
Dithmenos
Elyvilon
Fedhas
Gozag
Hepliaklqana
Kikubaaqudgha
Makhleb
Nemelex Xobeh
Okawaru
Qazlal
Ru
Sif Muna
Trog
Uskayaw
Vehumet
Wu Jian
Xom
Yredelemnul
Zin
The Shining One

Shops:
D:7 *   D:9 (

Annotations:
D:12 Fannar


Innate Abilities, Weirdness & Mutations

You reflexively headbutt those who attack you in melee.
You have a pair of horns on your head.


Message History

The red ugly thing barely misses you. You furiously retaliate!
You headbutt the red ugly thing, but do no damage.
You closely miss the red ugly thing.
You headbutt the red ugly thing, but do no damage.
The red ugly thing is heavily wounded.
You hit the red ugly thing.
You feel better.
The red ugly thing is severely wounded.
Fannar gestures wildly while chanting.
The red ugly thing gores you!
* * * LOW HITPOINT WARNING * * *
You are engulfed in flames!
* * * LOW HITPOINT WARNING * * *
The red ugly thing barely misses you.
Found a glowing diamond ring.
You see here a glowing diamond ring.
J - a glowing diamond ring The red ugly thing gores you.
* * * LOW HITPOINT WARNING * * *
You are engulfed in flames!!
You die...

...#.......## ##..###
#.#.........####.....#
.$'........e'.YY....Z#
#.#.........####...#.#
#.##.<.....## ##.##Y#
##.....## ####.# #.
##...## #####.# ..
##'# #.u.Y.# ## #.
#@##### # #.# #.# #.#
#.# #.# ## ..# .. ###
##


You could see a red ugly thing and an ice beast.

Vanquished Creatures
  5 two-headed ogres
  An ugly thing (D:11)
  The ghost of brujo666 the Changer, a novice OpTm of Ashenzari (D:6)
  A kobold demonologist (D:11)
  4 trolls
  A hornet (D:10)
  A hippogriff (D:10)
  A water elemental (D:11)
  A wyvern (D:8)
  A hungry ghost (D:11)
  Menkaure (D:7)
  Duvessa (D:7)
  A water moccasin (D:5)
  3 ice beasts
  6 sky beasts
  A necrophage (D:12)
  3 orc warriors
  3 phantoms
  3 ogres
  5 wolves (D:11)
  4 centaurs
  A crocodile (D:11)
  3 big kobolds
  A wyvern zombie (D:12)
  2 scorpions (D:7)
  The ghost of Vulpy the Chopper, a weakling HOMo (D:4)
  Dowan (D:7)
  15 killer bees
  12 wights
  An electric eel (D:11)
  A vampire bat (D:5)
  5 crimson imps
  A centaur zombie (D:5)
  2 bullfrog zombies
  8 hounds
  2 quasits (D:6)
  4 jellies
  7 orc wizards
  7 orc priests
  A centaur skeleton (D:8)
  4 iguanas
  11 worker ants
  A killer bee zombie (D:5)
  A hound zombie (D:8)
  The ghost of Esekla the Conjurer, a weakling FoCj of Makhleb (D:7)
  2 hound skeletons
  2 worker ant zombies
  7 gnolls
  A howler monkey skeleton (D:9)
  7 adders
  2 river rats
  A shadow imp (D:10)
  An ooze (D:4)
  An adder zombie (D:7)
  3 adder skeletons
  4 worms
  3 fire bats (D:5)
  9 leopard geckos
  33 orcs
  2 spectral bats (D:5)
  3 bat skeletons (D:5)
  A bat zombie (D:5)
  5 giant cockroaches
  4 goblins (D:1)
  6 hobgoblins
  7 jackals
  6 quokkas
  A ball python (D:6)
  11 bats
  A bat simulacrum (D:5)
  5 frilled lizards
  15 kobolds
  A leopard gecko skeleton (D:6)
  A leopard gecko zombie (D:5)
  A quokka skeleton (D:4)
  7 rats
294 creatures vanquished.

Vanquished Creatures (others)
  An ogre (D:8)
  A shadow imp (D:8)
2 creatures vanquished.

Grand Total: 296 creatures vanquished

Notes
Turn   | Place    | Note
-------+----------+-------------------------------------------
     0 | D:1      | MalkierKing the Minotaur Berserker began the quest for the Orb.
     0 | D:1      | Reached XP level 1. HP: 19/19 MP: 0/0
   465 | D:1      | Reached XP level 2. HP: 27/27 MP: 1/1
   658 | D:1      | Reached skill level 4 in Axes
   859 | D:2      | Reached XP level 3. HP: 33/33 MP: 2/2
  1786 | D:3      | Reached ** piety under Trog
  1955 | D:4      | Noticed Vulpy's ghost (weakling HOMo)
  1967 | D:4      | Killed Vulpy's ghost
  1967 | D:4      | Reached XP level 4. HP: 25/41 MP: 1/3
  2200 | D:4      | Found a staircase to the Ecumenical Temple.
  2209 | Temple   | Entered the Ecumenical Temple
  2883 | D:4      | Noticed an ogre
  2889 | D:4      | Killed an ogre
  2889 | D:4      | Reached skill level 5 in Fighting
  2889 | D:4      | Reached skill level 5 in Axes
  2889 | D:4      | Reached XP level 5. HP: 48/48 MP: 4/4
  3042 | D:4      | Noticed an ogre
  3043 | D:4      | Noticed a sky beast
  3047 | D:4      | Killed an ogre
  3047 | D:4      | Reached XP level 6. HP: 51/57 MP: 5/5
  3055 | D:4      | Killed a sky beast
  3078 | D:4      | Reached skill level 6 in Axes
  3250 | D:5      | Entered Level 5 of the Dungeon
  3250 | D:5      | Noticed a water moccasin
  3257 | D:5      | Killed a water moccasin
  3257 | D:5      | Reached XP level 7. HP: 53/64 MP: 6/6
  3622 | D:5      | Reached skill level 7 in Axes
  3625 | D:5      | Reached *** piety under Trog
  3933 | D:5      | Reached skill level 5 in Armour
  3933 | D:5      | Reached XP level 8. HP: 54/73 MP: 7/7
  4138 | D:6      | Reached skill level 5 in Dodging
  4160 | D:6      | Noticed brujo666's ghost (novice OpTm)
  4185 | D:6      | Reached skill level 8 in Axes
  4188 | D:6      | Killed brujo666's ghost
  4233 | D:6      | Reached **** piety under Trog
  4405 | D:6      | Reached skill level 9 in Axes
  4405 | D:6      | Reached XP level 9. HP: 80/82 MP: 8/8
  4481 | D:6      | Found a shadowy altar of Dithmenos.
  4486 | D:6      | Found an ornate altar of the Wu Jian Council.
  4712 | D:6      | Found a glowing drain.
  4716 | Sewer    | Entered a sewer
  4802 | Sewer    | Found a white marble altar of Elyvilon.
  5063 | D:7      | Noticed Duvessa
  5063 | D:7      | Noticed Dowan
  5071 | D:7      | Killed Dowan
  5074 | D:7      | Killed Duvessa
  5138 | D:7      | Reached skill level 10 in Axes
  5183 | D:7      | Noticed Esekla's ghost (weakling FoCj)
  5196 | D:7      | Reached skill level 10 in Fighting
  5198 | D:7      | Killed Esekla's ghost
  5273 | D:7      | Found Inoll's Assorted Antiques.
  5287 | D:7      | Reached ***** piety under Trog
  5558 | D:7      | Noticed Menkaure
  5563 | D:7      | Killed Menkaure
  5928 | D:8      | Reached XP level 10. HP: 94/94 MP: 9/9
  5961 | D:8      | Noticed a two-headed ogre
  5973 | D:8      | Killed a two-headed ogre
  6251 | D:8      | Reached skill level 11 in Axes
  6326 | D:8      | Received a gift from Trog
  6907 | D:9      | Noticed a two-headed ogre
  6918 | D:9      | Killed a two-headed ogre
  7024 | D:9      | Found Kasasehoits's Antique Weapon Shoppe.
  7093 | D:9      | Found a burning altar of Makhleb.
  7817 | D:10     | Entered Level 10 of the Dungeon
  7817 | D:10     | Noticed a two-headed ogre
  7832 | D:10     | Killed a two-headed ogre
  8018 | D:10     | Reached skill level 12 in Axes
  8527 | D:11     | Noticed a two-headed ogre
  8879 | D:11     | Noticed a two-headed ogre
  8891 | D:11     | Killed a two-headed ogre
  8891 | D:11     | Reached XP level 11. HP: 72/104 MP: 6/10
  9150 | D:11     | Noticed a cyan ugly thing
  9189 | D:11     | Killed a cyan ugly thing
  9407 | D:11     | Received a gift from Trog
  9489 | D:11     | Noticed a two-headed ogre
  9501 | D:11     | Killed a two-headed ogre
  9579 | D:11     | Found a staircase to the Lair.
  9829 | D:12     | Found a blossoming altar of Fedhas.
  9849 | D:12     | Found a stormy altar of Qazlal.
 10086 | D:12     | Found a staircase to the Orcish Mines.
 10173 | D:12     | Noticed Fannar
 10205 | D:12     | Noticed a red ugly thing
 10213 | D:12     | Reached skill level 13 in Axes
 10231 | D:12     | Mangled by a red ugly thing

Skill      XL: |  1  2  3  4  5  6  7  8  9 10 11 |
---------------+----------------------------------+-----
Fighting       | 4 5 6 7 8 10 12 | 12.9
Axes           | 4 5 6 7 9 10 12 13 | 13.0
Armour         | 3 4 5 6 7 8 9 |  9.3
Dodging        | 3 4 5 6 8 |  8.6

Action                   |  1- 3 |  4- 6 |  7- 9 | 10-12 || total
-------------------------+-------+-------+-------+-------++-------
Melee: Hand axe          |    92 |    34 |   376 |   436 ||   938
       Headbutt          |    18 |    15 |    67 |    93 ||   193
       War axe           |       |    41 |       |       ||    41
Invok: Berserk           |       |       |     2 |       ||     2
       Burn Spellbooks   |       |       |       |     1 ||     1
  Use: Scroll            |       |       |     4 |    13 ||    17
       Potion            |       |       |       |     2 ||     2
  Eat: Chunk             |     3 |     4 |     9 |    12 ||    28
       Ration            |       |     2 |       |     1 ||     3
Armor: Ring mail         |    14 |       |       |       ||    14
       Plate armour      |    27 |    47 |   278 |   205 ||   557
Dodge: Dodged            |    56 |    24 |   216 |   188 ||   484
